 Dungeon Crawl Stone Soup version 0.25.0-3-gd7cc5688da (webtiles) character file.

Game seed: 1369825494269134615

60 Masnef the Insei (level 4, -4/25 HPs)
             Began as a Kobold Transmuter on June 15, 2020.
             Slain by a bullfrog (6 damage)
             ... on level 2 of the Dungeon.
             The game lasted 00:14:31 (2125 turns).

Masnef the Insei (Kobold Transmuter)                Turns: 2125, Time: 00:14:32

Health: -4/25      AC:  5    Str:  8    XL:     4   Next: 25%
Magic:  7/8        EV: 15    Int: 14    God:
Gold:   58         SH:  5    Dex: 15    Spells: 7/8 levels left

rFire    . . .     SeeInvis .     - Unarmed
rCold    . . .     Gourm    .   (shield restricted)
rNeg     . . .     Faith    .   b - +1 robe
rPois    .         Spirit   .   (no helmet)
rElec    .         Reflect  +   f - +0 cloak
rCorr    .         Harm     .   (no gloves)
MR       .....                  j - +0 pair of boots
Stlth    ++........             c - amulet of reflection
HPRegen  0.08/turn              (no ring)
MPRegen  0.11/turn              (no ring)

@: appendage, hasted, very quick
A: small, horns 2, carnivore
a: End Transformation


You were on level 2 of the Dungeon.
You were very full.
You had grown temporary horns.
You visited 1 branch of the dungeon, and saw 2 of its levels.

You collected 58 gold pieces.

Inventory:

Hand Weapons
 h - a +0 hand axe
Missiles
 a - 28 arrows
Armour
 b - a +1 robe (worn)
 f - a +0 cloak (worn)
 i - a +0 scale mail
 j - a +0 pair of boots (worn)
 m - a +0 helmet
Jewellery
 c - an amulet of reflection (around neck)
 g - an uncursed amulet of magic regeneration
Scrolls
 k - a scroll of remove curse
 l - a scroll of fear
Potions
 o - a potion of curing {unknown}
Comestibles
 d - 3 rations
 n - 2 chunks of flesh


   Skills:
 + Level 1.1 Fighting
 + Level 2.7 Dodging
 * Level 2.2 Stealth
 + Level 3.8 Unarmed Combat
 - Level 2.6 Spellcasting
 + Level 2.2 Transmutations


You had 7 spell levels left.
You knew the following spells:

 Your Spells              Type           Power        Failure   Level  Hunger
a - Beastly Appendage     Tmut           #.....       9%          1    #......

Your spell library contained the following spells:

 Spells                   Type           Power        Failure   Level  Hunger
 Sticks to Snakes         Tmut           #.......     14%         2    ###....
 Spider Form              Tmut/Pois      #.........   38%         3    ###....
 Ice Form                 Ice/Tmut       #.......     80%         4    #####..
 Blade Hands              Tmut           #.........   94%         5    ######.


Dungeon Overview and Level Annotations

Branches:
Dungeon (2/15)

Altars:


Innate Abilities, Weirdness & Mutations

You are small and have problems with some larger weapons.
You are carnivorous and can eat meat at any time.
You have a pair of horns on your head.


Message History

The bullfrog misses you. The bullfrog hits you. The bullfrog hits you.
The bullfrog closely misses you. The frilled lizard misses you.
The hobgoblin hits you with a +0 club. You block the bullfrog's attack.
The hobgoblin hits you with a +0 club. The hobgoblin completely misses you.
The bullfrog hits you but does no damage.
Casting: Beastly Appendage (safe; 9% risk of failure)
Confirm with . or Enter, or press ? or * to list all spells.
You grow a pair of large bovine horns.
The bullfrog hits you.
You barely miss the bullfrog. The bullfrog misses you.
The bullfrog barely misses you.
You closely miss the bullfrog. The bullfrog hits you.
You miss the bullfrog. Your headbutt misses the bullfrog.
The bullfrog barely misses you. The bullfrog hits you.
You closely miss the bullfrog. The bullfrog closely misses you.
You barely miss the bullfrog. The bullfrog hits you.
* * * LOW HITPOINT WARNING * * *
It was a potion of haste.
You feel yourself speed up. The bullfrog hits you.
You die...

.# .# ######## .#
#......# .# #......# .#
#......# .# ##......#
.# #.......#
.##########...g########
>.............lF@.....#
###########....######.#
,,,,,,* #....# *,*
*****,* #....# *,* *,*
###### *,* *,* *,* *,*
*,* *,***************,*
*,,,,,,,,,,,,,,,,,*


You could see a bullfrog, a hobgoblin and a frilled lizard.

Vanquished Creatures
  An adder (D:2)
  3 oozes
  A worm (D:2)
  A dart slug (D:2)
  A leopard gecko (D:1)
  2 giant cockroaches (D:1)
  3 hobgoblins
  2 ball pythons (D:2)
  7 bats
  3 frilled lizards (D:1)
  2 goblins (D:1)
  4 kobolds
  5 rats
35 creatures vanquished.

Notes
Turn   | Place    | Note
-------+----------+-------------------------------------------
     0 | D:1      | Masnef the Kobold Transmuter began the quest for the Orb.
     0 | D:1      | Reached XP level 1. HP: 12/12 MP: 3/3
   314 | D:1      | Reached XP level 2. HP: 12/16 MP: 3/5
   637 | D:1      | Reached skill level 1 in Stealth
   738 | D:1      | Reached XP level 3. HP: 18/20 MP: 6/6
  1964 | D:2      | Reached XP level 4. HP: 25/25 MP: 8/8
  2110 | D:2      | Noticed a bullfrog
  2125 | D:2      | Slain by a bullfrog

Illustrated notes

Levels and vault maps discovered:
D:1:      co_arrival_hexagon_in_a_hexagon, layout_basic
D:2:      layout_basic, uniq_crazy_yiuf_cottage

Skill      XL: |  1  2  3  4 |
---------------+-------------+-----
Stealth        | 1 2 |  2.2
Fighting       | |  1.1
Dodging        | |  2.7
Unarmed Combat | |  3.8
Spellcasting   | |  2.6
Transmutations | |  2.2

Action                   |  1- 3 |  4- 6 || total
-------------------------+-------+-------++-------
Melee: Unarmed           |   133 |    26 ||   159
       Headbutt          |     5 |     6 ||    11
       Kick              |     4 |       ||     4
       Punch             |     4 |       ||     4
 Cast: Beastly Appendage |    17 |     4 ||    21
  Use: Scroll            |     4 |     1 ||     5
       Potion            |       |     1 ||     1
 Stab: Sleeping          |     3 |       ||     3
  Eat: Chunk             |    12 |       ||    12
Armor: Robe              |    37 |     2 ||    39
Dodge: Dodged            |   147 |    19 ||   166
Block: Other             |     4 |     3 ||     7
       Reflection        |     1 |       ||     1
